 Dungeon Crawl Stone Soup version 0.30-a0-715-gdb4ae3ece1 (webtiles) character file.

Game seed: 1130186683564002665

1043 mopl the Tainter (level 8, -1/58 HPs)
             Began as a Formicid Venom Mage on Jan 24, 2023.
             Slain by a water moccasin (2 damage)
             ... on level 6 of the Dungeon.
             The game lasted 00:07:40 (3792 turns).

mopl the Tainter (Formicid Venom Mage)              Turns: 3792, Time: 00:07:41

Health: -1/58      AC:  2    Str: 14    XL:     8   Next: 49%
Magic:  11/12      EV: 13    Int: 16    God:
Gold:   231        SH:  0    Dex: 14    Spells: 8/13 levels left

rFire   + . .      SeeInvis +    a - +0 falchion (heavy)
rCold   . . .      Faith    .    (no shield)
rNeg    . . .      Spirit   .    w - +0 robe
rPois   .          Reflect  .    (helmet unavailable)
rElec   .          Harm     .    (no cloak)
rCorr   .          Rampage  .    (no gloves)
Will    .....                    (no boots)
Stlth   ++                       m - amulet of regeneration
HPRegen 1.09/turn                A - ring of protection from fire
MPRegen 0.13/turn                (no ring)

@: lethally poisoned (-1 -> -13)
A: permanent stasis, dig shafts and tunnels, antennae 3, four strong arms
a: Dig, Shaft Self


You were on level 6 of the Dungeon.
You visited 2 branches of the dungeon, and saw 7 of its levels.

You collected 231 gold pieces.

Inventory:

Hand Weapons
 a - a +0 heavy falchion (weapon)
 b - a +1 dagger of venom
 d - a +1 dagger of speed
Missiles
 v - 4 boomerangs
 z - 2 javelins
 B - 2 poisoned darts
Armour
 g - a +0 plate armour
 r - a +0 ring mail
 w - a +0 robe (worn)
Jewellery
 m - an amulet of regeneration (around neck)
 o - an amulet of guardian spirit
 A - a ring of protection from fire (left hand)
Wands
 t - a wand of digging (7)
Scrolls
 c - 5 scrolls of enchant armour {unknown}
 e - a scroll of amnesia {unknown}
 i - 2 scrolls of teleportation {unknown}
 k - 2 scrolls of blinking {unknown}
 l - 4 scrolls of identify {unknown}
 s - a scroll of poison {unknown}
 y - a scroll of fear {unknown}
 C - a scroll of immolation {unknown}
Potions
 f - 4 potions of curing
 h - a potion of berserk rage {unknown}
 j - 2 potions of flight {unknown}
 n - 2 potions of resistance {unknown}
 p - a potion of haste {unknown}
 q - a potion of degeneration {unknown}
 u - a potion of mutation {unknown}
 x - a potion of magic


   Skills:
 + Level 3.4 Fighting
 + Level 3.5 Armour
 + Level 3.5 Dodging
 - Level 2.4 Stealth
 - Level 3.0 Spellcasting
 - Level 1.1 Transmutations
 + Level 9.8 Poison Magic


You had 8 spell levels left.
You knew the following spells:

 Your Spells              Type           Power      Damage    Failure   Level
a - Sting                 Tmut/Pois      76%        1d6       1%          1
o - Olgreb's Toxic Radia  Pois           33%        N/A       3%          4

Your spell library contained the following spells:

 Spells                   Type           Power      Damage    Failure   Level
 Poisonous Vapours        Pois/Air       36%        N/A       3%          2
 Mephitic Cloud           Conj/Pois/Air  12%        N/A       14%         3
 Lesser Beckoning         Tloc           4%         N/A       28%         2
 Momentum Strike          Conj/Tloc      4%         3d8       28%         2
 Dazzling Flash           Conj/Hex       4%         N/A       50%         3
 Iskenderun's Mystic Bla  Conj/Tloc      2%         2d3       88%         4
 Iskenderun's Battlesphe  Conj           2%         2d6       99%         5
 Iron Shot                Conj/Erth      1%         9d1       100%        6
 Starburst                Conj/Fire      1%         6d3       100%        6
 Spellforged Servitor     Conj/Summ      1%         N/A       100%        7
 Blink                    Tloc           Unusable   N/A       N/A         2

Dungeon Overview and Level Annotations

Branches:
Dungeon (6/15)             Temple (1/1) D:4

Altars:
Dithmenos
Elyvilon
Gozag
Hepliaklqana
Kikubaaqudgha
Makhleb
Nemelex Xobeh
Qazlal
Ru
Trog
Uskayaw
Vehumet
Xom
Zin
The Shining One

Shops:
D:5 (


Innate Abilities, Weirdness & Mutations

You cannot be hasted, slowed, berserked, paralysed or teleported.
You can dig through walls and to a lower floor.
You have a pair of large antennae on your head. (SInv)
Your four strong arms can wield two-handed weapons with a shield.


Message History

The water moccasin bites you.
The water moccasin bites you but does no damage.
You completely miss the water moccasin.
The water moccasin is lightly wounded.
The water moccasin bites you but does no damage.
The water moccasin bites you! The water moccasin bites you.
You are poisoned.
The water moccasin poisons you!
You hit the water moccasin.
The water moccasin is moderately wounded.
You feel very sick. The water moccasin bites you!
You are more poisoned.
The water moccasin poisons you! The water moccasin bites you.
You are more poisoned.
The water moccasin poisons you! The water moccasin bites you.
You are too injured to fight recklessly!
You are too injured to fight recklessly!
You are too injured to fight recklessly!
You slash the water moccasin!
The water moccasin is almost dead.
* * * LOW HITPOINT WARNING * * *
You feel extremely sick. The water moccasin bites you.
* * * LOW HITPOINT WARNING * * *
The water moccasin bites you.
* * * LOW HITPOINT WARNING * * *
It was a potion of curing.
You feel better. The water moccasin barely misses you.
The water moccasin bites you.
* * * LOW HITPOINT WARNING * * *
You are poisoned.
The water moccasin poisons you!
You closely miss the water moccasin.
The water moccasin is almost dead.
You feel very sick. The water moccasin bites you!
* * * LOW HITPOINT WARNING * * *
You are lethally poisoned!
The water moccasin poisons you! The water moccasin bites you.
You die...

{ ##
#S####.#
#@....#
#.##### #.#
#########.#
#....<....#
#.#########
#.# #.# #.#


You could see a water moccasin.

Vanquished Creatures
  A black bear (D:4)
  An ogre (D:5)
  A phantom (D:5)
  A necrophage (D:5)
  2 scorpions (D:5)
  2 hounds
  4 orc priests
  4 iguanas
  A jelly (D:4)
  3 orc wizards
  10 adders
  A shadow imp (D:4)
  4 worms
  6 dart slugs
  11 orcs
  7 endoplasms
  2 giant cockroaches (D:1)
  6 goblins
  8 hobgoblins
  9 jackals
  3 quokkas
  5 ball pythons
  6 bats
  5 frilled lizards
  10 kobolds
  5 rats
118 creatures vanquished.

Notes
Turn   | Place    | Note
-------+----------+-------------------------------------------
     0 | D:1      | mopl the Formicid Venom Mage began the quest for the Orb.
     0 | D:1      | Reached XP level 1. HP: 13/13 MP: 3/3
   143 | D:1      | Reached XP level 2. HP: 15/19 MP: 1/5
   303 | D:1      | Reached XP level 3. HP: 15/24 MP: 4/7
   327 | D:1      | Reached skill level 3 in Spellcasting
   479 | D:1      | Reached skill level 5 in Poison Magic
   875 | D:2      | Reached XP level 4. HP: 30/30 MP: 6/8
   880 | D:2      | Learned a level 4 spell: Olgreb's Toxic Radiance
  1360 | D:2      | Reached skill level 6 in Poison Magic
  1458 | D:3      | You fall into a shaft and drop 1 floor!
  1476 | D:4      | Noticed a black bear
  1509 | D:4      | Killed a black bear
  1510 | D:4      | Reached skill level 7 in Poison Magic
  1510 | D:4      | Reached XP level 5. HP: 25/35 MP: 1/9
  1528 | D:4      | Reached XP level 6. HP: 10/41 MP: 0/10
  1630 | D:4      | Reached skill level 8 in Poison Magic
  2494 | D:4      | Found a staircase to the Ecumenical Temple.
  2519 | Temple   | Entered the Ecumenical Temple
  2583 | D:4      | Reached skill level 2 in Dodging
  2583 | D:4      | Reached XP level 7. HP: 30/47 MP: 1/11
  2623 | D:4      | Reached skill level 1 in Fighting
  2623 | D:4      | Reached skill level 1 in Armour
  2773 | D:4      | Reached skill level 9 in Poison Magic
  2943 | D:5      | Entered Level 5 of the Dungeon
  3051 | D:5      | Reached skill level 2 in Fighting
  3051 | D:5      | Reached skill level 2 in Armour
  3192 | D:5      | Reached skill level 3 in Dodging
  3192 | D:5      | Reached XP level 8. HP: 57/57 MP: 8/12
  3336 | D:5      | Reached skill level 3 in Fighting
  3336 | D:5      | Reached skill level 3 in Armour
  3578 | D:5      | Found Igumu's Antique Weapon Emporium.
  3792 | D:6      | HP: 1/58 [water moccasin (8)]
  3792 | D:6      | Slain by a water moccasin

Illustrated notes

Levels and vault maps discovered:
D:1:      giann_forest_graveyard, layout_loops_ring
D:2:      minmay_diamond_boxcup, layout_basic
D:3:      layout_loops_ring
D:4:      layout_cave_pools, minmay_temple_entry_poolview
D:5:      layout_rooms, serial_shops, kennysheep_little_box
D:6:      layout_loops_ring, lemuel_tele_altar, lemuel_zombie_altar_yredelemnul
Temple:   hellmonk_temple_two_chambers

Skill      XL: |  1  2  3  4  5  6  7  8 |
---------------+-------------------------+-----
Spellcasting   | 3 |  3.0
Poison Magic   | 5 7 8 9 |  9.8
Dodging        | 2 3 |  3.5
Fighting       | 2 3 |  3.4
Armour         | 2 3 |  3.5
Stealth        | |  2.4
Transmutations | |  1.1

Action                     |  1- 3 |  4- 6 |  7- 9 || total
---------------------------+-------+-------+-------++-------
  Melee: Unarmed           |    11 |       |       ||    11
         Dagger            |    83 |    71 |   102 ||   256
         Punch             |     2 |       |       ||     2
         Falchion          |       |       |    17 ||    17
   Cast: Sting             |    36 |    81 |       ||   117
         Olgreb's Toxic Ra |       |     3 |    17 ||    20
    Use: Potion            |       |       |     1 ||     1
   Stab: Sleeping          |     1 |       |       ||     1
 Armour: Robe              |    14 |     8 |    13 ||    35
  Dodge: Dodged            |    60 |    63 |    73 ||   196

Table legend: (Time is in decaauts)
 A = Elapsed time spent in this place.
 B = Non-inter-level travel time spent in this place.
 C = Inter-level travel time spent in this place.
 D = Time resting spent in this place.
 E = Time spent auto-exploring this place.
 F = Levels seen in this place.
 G = Mean time per level.
                   A        B        C        D        E       F      G
               +--------+--------+--------+--------+--------+-----+--------+
         Total |   3733 |   3618 |    115 |    624 |   2098 |   7 |  533.3 |
       Dungeon |   3717 |   3606 |    111 |    624 |   2098 |   6 |  619.5 |
        Temple |     15 |     11 |      4 |      0 |      0 |   1 |   15.0 |
               +--------+--------+--------+--------+--------+-----+--------+

Top non-repeatable levels by time:
     D:4: 899 daAuts
     D:1: 750 daAuts
     D:5: 728 daAuts
     D:2: 669 daAuts
     D:3: 627 daAuts
     D:6: 42 daAuts
  Temple: 15 daAuts
